 Dungeon Crawl Stone Soup version 0.16-a0-3272-g378764d (webtiles) character file.

212 uglyjohn the Chopper (level 5, 0/42 HPs)
             Began as a Minotaur Gladiator on Feb 3, 2015.
             Slain by Grinder (7 damage)
             ... on level 4 of the Dungeon.
             The game lasted 00:04:34 (3067 turns).

uglyjohn the Chopper (Minotaur Gladiator)           Turns: 3067, Time: 00:04:34

Health: 0/42       AC:  4    Str: 20    XL:     5   Next: 58%
Magic:  2/2        EV: 12    Int:  5    God:
Gold:   137        SH:  0    Dex: 11    Spells: 0 memorised, 4 levels left

rFire  . . .     SeeInvis .     a - +0 war axe
rCold  . . .     Clarity  .     b - +0 leather armour
rNeg   . . .     SustAb   .     (no shield)
rPois  .         Gourm    .     c - +0 hat
rElec  .         Spirit   .     (no cloak)
rCorr  .         Warding  .     m - +0 pair of gloves
rMut   .         Stasis   +     (no boots)
MR     .....                    r - amulet of stasis
Stlth  +.........               (no ring)
                                (no ring)

@: not resistant to hostile enchantments, very unstealthy
A: retaliatory headbutt, horns 2
a: no special abilities


You were on level 4 of the Dungeon.
You were hungry.

You visited 1 branch of the dungeon, and saw 4 of its levels.

You collected 137 gold pieces.

Inventory:

Hand weapons
 a - a +0 war axe (weapon)
Missiles
 d - 3 throwing nets (quivered)
 g - 44 bolts
Armour
 b - a +0 leather armour (worn)
 c - a +0 hat (worn)
 m - a +0 pair of gloves (worn)
Jewellery
 r - an amulet of stasis (around neck)
 t - an uncursed ring of protection from fire {unknown}
 w - an uncursed ring of teleport control {unknown}
Scrolls
 h - 2 scrolls of identify {unknown}
 i - 3 scrolls of blinking {unknown}
 j - a scroll of noise {unknown}
 o - 2 scrolls of enchant weapon {unknown}
 s - 2 scrolls of remove curse {unknown}
 u - a scroll of random uselessness {unknown}
 v - a scroll of teleportation {unknown}
Potions
 e - 2 potions of curing {unknown}
 k - a potion of brilliance {unknown}
 l - a potion of poison {unknown}
 n - a potion of might {unknown}
 p - a potion of heal wounds {unknown}
 q - a potion of resistance {unknown}
 A - a potion of cancellation {unknown}
Comestibles
 f - 3 bread rations
 x - 4 fruits
 z - a meat ration


   Skills:
 - Level 2.4 Fighting
 + Level 7.7 Axes
 - Level 2.0 Throwing
 - Level 3.2 Dodging


You had 4 spell levels left.
You didn't know any spells.

Dungeon Overview and Level Annotations

Branches:
Dungeon (4/15)
 Temple: D:4-7

Altars:
Ashenzari
Fedhas
Makhleb
Qazlal

Annotations:
D:4 Grinder


Innate Abilities, Weirdness & Mutations

You reflexively headbutt those who attack you in melee.
You have a pair of horns on your head.


Message History

Something hits you.
You writhe in agony.
You closely miss something. Your headbutt misses something. Something hits you.
You writhe in agony.
You closely miss something. Something hits you.
You writhe in agony.
You slash something! Something hits you but does no damage.
You barely miss something. Something hits you but does no damage.
You closely miss something. You headbutt something.
Pain shoots through your body!
You slash something! You headbutt something! Something hits you.
You hit something. Something hits you but does no damage.
You miss something. Something hits you.
* * * LOW HITPOINT WARNING * * *
You writhe in agony.
* * * LOW HITPOINT WARNING * * *
You aren't carrying any items that can be evoked.
Put on which piece of jewellery? (? for menu, Esc to quit)
You feel strangely static.
r - an amulet of stasis (around neck)
Something hits you!
You die...

# #.. #.# # #.#
#.#.# # #.#.# .#
#.#.##?###..
#.##)...{.......
#......@.(#
#..###.######
#...........#
##.###.####.#
#.####.####.#
#...........# .# #
######<###...... .
#.########.###.###.#
#
#............#.###.#
#


There were no monsters in sight!

Vanquished Creatures
  2 worker ants (D:4)
  11 adders
  A worm (D:2)
  5 giant geckos
  An ooze (D:2)
  2 bats
  3 giant cockroaches
  7 goblins
  8 hobgoblins
  4 jackals (D:3)
  2 ball pythons
  2 giant newts
  7 kobolds
  4 rats
59 creatures vanquished.

Notes
Turn   | Place    | Note
--------------------------------------------------------------
     0 | D:1      | uglyjohn, the Minotaur Gladiator, began the quest for the Orb.
     0 | D:1      | Reached XP level 1. HP: 18/18 MP: 1/1
   163 | D:1      | Reached skill level 4 in Axes
   212 | D:1      | Reached XP level 2. HP: 16/25 MP: 1/1
   793 | D:2      | Reached skill level 5 in Axes
   793 | D:2      | Reached XP level 3. HP: 18/30 MP: 2/2
  1442 | D:2      | Found a blossoming altar of Fedhas.
  1452 | D:2      | Found a shattered altar of Ashenzari.
  1513 | D:2      | Reached XP level 4. HP: 25/37 MP: 2/2
  1746 | D:2      | Reached skill level 6 in Axes
  1762 | D:2      | Found a burning altar of Makhleb.
  1762 | D:2      | Noticed a blizzard demon
  1765 | D:2      | Noticed an orange demon
  1765 | D:2      | Noticed a hellwing
  1891 | D:3      | Found a stormy altar of Qazlal.
  2450 | D:3      | Reached XP level 5. HP: 42/42 MP: 2/2
  2484 | D:3      | Reached skill level 7 in Axes
  3057 | D:4      | Noticed Grinder
  3067 | D:4      | Slain by Grinder

Action                   |  1- 3 |  4- 6 || total
-------------------------+-------+-------++-------
Melee: War axe           |    71 |    84 ||   155
  Eat: Chunk             |     2 |     4 ||     6
